 Dungeon Crawl Stone Soup version 0.29.1-15-g9cfb28693d (webtiles) character file.

Game seed: 7854558761643362478

111 hawla the Firebug (level 5, -1/38 HPs)
             Began as a Meteoran Fire Elementalist on Apr 16, 2023.
             Slain by a gnoll
             ... wielding a +0 halberd
              (15 damage)
             ... on level 4 of the Dungeon.
             The game lasted 00:02:19 (460 turns).

hawla the Firebug (Meteoran Fire Elementalist)       Turns: 460, Time: 00:02:19

Health: -1/38      AC:  2    Str: 10    XL:     5   Next: 39%
Magic:  3/11       EV:  7    Int: 18    God:
Gold:   70         SH:  0    Dex: 14    Spells: 4/11 levels left

rFire   . . .      SeeInvis .   (no weapon)
rCold   . . .      Faith    .   (no shield)
rNeg    . . .      Spirit   .   a - +0 robe
rPois   .          Reflect  .   (no helmet)
rElec   .          Harm     .   (no cloak)
rCorr   .          Rampage  .   (no gloves)
Will    .....                   (no boots)
Stlth   +.........              (no amulet)
HPRegen 0.12/turn               (no ring)
MPRegen 0.12/turn               (no ring)

@: held, glowing
A: sense surroundings 1, otherworldly, glowing, explore regen
a: no special abilities


You were on level 4 of the Dungeon.
You visited 1 branch of the dungeon, and saw 4 of its levels.

You collected 70 gold pieces.

Inventory:

Armour
 a - a +0 robe (worn)
Jewellery
 g - a ring of poison resistance
Scrolls
 c - a scroll of magic mapping {unknown}
 d - a scroll of teleportation
 f - a scroll of immolation {unknown}
Potions
 b - a potion of magic
 e - a potion of curing {unknown}


   Skills:
 - Level 0.3 Fighting
 - Level 2.9 Dodging
 - Level 1.4 Stealth
 - Level 3.7 Spellcasting
 + Level 2.1 Conjurations
 - Level 5.4 Fire Magic


You had 4 spell levels left.
You knew the following spells:

 Your Spells              Type           Power      Damage    Failure   Level
a - Foxfire               Conj/Fire      68%        2x1d7     3%          1
b - Scorch                Fire           44%        2d7       2%          2
c - Flame Wave            Conj/Fire      17%        2d7       32%         4

Your spell library contained the following spells:

 Spells                   Type           Power      Damage    Failure   Level
 Conjure Flame            Conj/Fire      17%        6-21      10%         3
 Inner Flame              Hex/Fire       13%        N/A       16%         3
 Confusing Touch          Hex            3%         N/A       41%         3
 Yara's Violent Unravell  Hex/Tmut       1%         3d3       99%         5
 Enfeeble                 Hex            1%         N/A       100%        7


Dungeon Overview and Level Annotations

Branches:
Dungeon (4/15) Zot: 1939
 Temple: D:4-7

Altars:


Innate Abilities, Weirdness & Mutations

You passively map a small area around you.
You are easily found by Zot.
You glow in the dark.
You regain HP and MP as you explore.


Message History

Casting: Scorch (safe; 2% risk of failure)
Confirm with . or Enter, or press ? or * to list all spells.
You conjure some foxfire!
The gnoll hits you from afar with a +0 spear.
The gnoll hits you from afar with a +0 halberd.
Casting: Foxfire (safe; 3% risk of failure)
Confirm with . or Enter, or press ? or * to list all spells.
You conjure some foxfire!
The foxfire hits the gnoll.
The gnoll is lightly wounded.
The foxfire hits the gnoll.
The gnoll is lightly wounded.
The gnoll barely misses you. The gnoll closely misses you.
A phantom comes into view.
Casting: Foxfire (safe; 3% risk of failure)
Confirm with . or Enter, or press ? or * to list all spells.
Flames lash the gnoll.
You kill the gnoll!
The foxfire hits the gnoll.
The gnoll is severely wounded.
The foxfire hits the gnoll but does no damage.
The gnoll is severely wounded.
The gnoll completely misses you.
The gnoll throws a throwing net.
The throwing net hits you.
You become entangled in the net!
Your Conjurations skill increases to level 2!
Unknown command.
Casting: Scorch (safe; 2% risk of failure)
Confirm with . or Enter, or press ? or * to list all spells.
You conjure some foxfire!
The gnoll hits you from afar with a +0 halberd.
The gnoll hits you from afar with a +0 spear.
Casting: Foxfire (safe; 3% risk of failure)
Confirm with . or Enter, or press ? or * to list all spells.
You conjure some foxfire!
The gnoll is no longer more vulnerable to fire.
The foxfire hits the gnoll!
You kill the gnoll!
The foxfire hits the gnoll.
The gnoll is almost dead.
The gnoll hits you from afar with a +0 halberd!
You die...

, , ... * ,
*,,,...,
,,...# * *#.#
,...* , #.# ..
#)# * #.# *
#.#####.# *
#.......#####
**
#..Wg..v....#
* ,
,#...).@v###.
, # * *
##..).ยงยง..#
* * # *
#......#.....
* # ,,
######.###.##*
* ### *
#...##.# #<. ,
#.#[...# #.# ,
, #...####
######.# *
##.## #......#
* #...#
#.#.....


You could see a phantom and a gnoll (ally target).

Vanquished Creatures
  A howler monkey (D:4)
  An iguana (D:4)
  An adder (D:2)
  4 gnolls
  2 endoplasms
  A giant cockroach (D:2)
  2 ball pythons
  A goblin (D:4)
  A kobold (D:4)
14 creatures vanquished.

Vanquished Creatures (others)
  49 foxfires
49 creatures vanquished.

Grand Total: 63 creatures vanquished

Notes
Turn   | Place    | Note
-------+----------+-------------------------------------------
     0 | D:1      | hawla the Meteoran Fire Elementalist began the quest for
                  | the Orb.
     0 | D:1      | Reached XP level 1. HP: 14/14 MP: 5/5
    75 | D:2      | Reached skill level 4 in Fire Magic
    75 | D:2      | Reached XP level 2. HP: 20/20 MP: 1/6
    80 | D:2      | Learned a level 2 spell: Scorch
   149 | D:3      | Reached XP level 3. HP: 6/26 MP: 1/8
   182 | D:4      | Reached XP level 4. HP: 23/33 MP: 3/9
   378 | D:4      | Reached skill level 5 in Fire Magic
   378 | D:4      | Reached XP level 5. HP: 38/38 MP: 7/11
   450 | D:4      | Learned a level 4 spell: Flame Wave
   457 | D:4      | Noticed a phantom
   460 | D:4      | Slain by a gnoll

Illustrated notes

Levels and vault maps discovered:
D:1:      scummos_arrival_simple_fountains, layout_loops_corners
D:2:      cheibrodos_old_hovel, layout_rooms
D:3:      layout_loops_ring, shapermc_ecumenical_altar_hornbeckon,
          nicolae_grassy_gnolls, uniq_natasha
D:4:      layout_loops_cross

Skill      XL: |  1  2  3  4  5 |
---------------+----------------+-----
Fire Magic     | 4 5 |  5.4
Spellcasting   | 3 |  3.7
Conjurations   | 2 |  2.1
Fighting       | |  0.3
Dodging        | |  2.9
Stealth        | |  1.4

Action                   |  1- 3 |  4- 6 || total
-------------------------+-------+-------++-------
Melee: Unarmed           |     6 |     2 ||     8
 Cast: Foxfire           |    18 |    15 ||    33
       Scorch            |     2 |     2 ||     4
  Use: Scroll            |     1 |       ||     1
Armor: Robe              |     1 |     1 ||     2
Dodge: Dodged            |     2 |     5 ||     7
